AoeStats
← ramirezalex13

Nomad

507123837Analyzed
4v4 RM · 15d ago on Sep 16, 2026· 42m 0s· 8 players
Game mode
Random Map
Map size
231×231
Population
200
Speed
Normal
Resources
Standard
Victory
Conquest
Starting age
Dark Age
Ending age
Imperial Age
RankedLock teamsTeams togetherTeam positionsShared explorationLock speedFull tech treeHidden civsTurbo modeCheats
Victory
Defeat
🇲🇦 Vikings · Morocco
1165
+26
🇲🇽 Poles · Mexico
1154
+17
🇫🇷 Burgundians · France
1142
+18
🇨🇿 Tatars · Czechia
1140
+18
🇦🇷 Spanish · Argentina
1237
-19
🇦🇷 Persians · Argentina
1211
-19
🇦🇷 Cumans · Argentina
1200
-18
🇦🇷 Portuguese · Argentina
1092
-14
TheShade
3:59 Loom
15:47 Feudal Age
18:04 Town Watch
22:36 Castle Age
21:02 Double-Bit Axe
32:47 Wheelbarrow
34:17 Gold Mining
35:39 Stone Mining
36:25 Gold Shaft Mining
35:36 Horse Collar
37:26 Forging
37:51 Bloodlines
38:01 Scale Barding Armor
38:12 Bow Saw
39:21 Iron Casting
40:27 Town Patrol
touch grass
14:54 Feudal Age
16:24 Loom
17:08 Fishing Lines
19:32 Castle Age
17:59 Double-Bit Axe
20:07 Scale Mail Armor
20:47 Bow Saw
23:18 Squires
24:30 Chain Mail Armor
27:51 Forging
28:08 Horse Collar
31:06 Fletching
37:24 Chieftains
41:55 Iron Casting
ramirezalex13
4:34 Loom
5:27 Loom
14:52 Feudal Age
15:18 Double-Bit Axe
19:17 Bloodlines
22:20 Castle Age
22:40 Forging
28:40 Fletching
33:57 Imperial Age
32:13 Bow Saw
33:37 Bodkin Arrow
34:30 Murder Holes
36:46 Chemistry
tretts
10:34 Double-Bit Axe
13:20 Horse Collar
17:41 Feudal Age
17:15 Stone Mining
17:23 Gold Mining
22:50 Castle Age
21:16 Bow Saw
21:27 Heavy Plow
23:49 Forging
23:47 Scale Barding Armor
23:39 Loom
25:06 Two-Man Saw
24:45 Cavalier
25:27 Husbandry
26:10 Gold Shaft Mining
26:12 Iron Casting
25:59 Chain Barding Armor
29:41 Crop Rotation
32:19 Scale Mail Armor
42:20 Burgundian Vineyards
Capiango2.0
3:49 Loom
14:01 Feudal Age
17:11 Double-Bit Axe
17:08 Horse Collar
24:16 Wheelbarrow
24:59 Scale Barding Armor
25:13 Bloodlines
29:05 Castle Age
28:11 Forging
29:21 Light Cavalry
30:28 Chain Barding Armor
30:43 Iron Casting
30:29 Heavy Plow
30:41 Bow Saw
31:10 Capped Ram
33:58 Hand Cart
37:52 Steppe Husbandry
41:00 Imperial Age
Jefe ToroFumado
4:36 Loom
13:48 Feudal Age
17:48 Fletching
20:00 Castle Age
17:49 Double-Bit Axe
17:56 Fishing Lines
20:59 Bow Saw
22:33 Horse Collar
25:16 Scale Barding Armor
25:33 Padded Archer Armor
26:22 Leather Archer Armor
26:41 Town Watch
ELDIOSCHICHOLIN
3:19 Loom
15:36 Feudal Age
20:27 Castle Age
19:32 Stone Mining
19:29 Double-Bit Axe
20:59 Gold Mining
20:53 Horse Collar
26:34 Pikeman
29:19 Wheelbarrow
31:09 Hand Cart
34:37 Imperial Age
37:18 Chemistry
39:22 Treadmill Crane
40:35 Circumnavigation
41:14 Fletching
42:00 Conscription
DT.Bilardo
8:02 Loom
18:42 Feudal Age
20:45 Fletching
Connection lost

Rejoining the realm…

Still unreachable

The connection could not be restored.

Session expired

The server has moved on; the page needs a fresh start.